 Dungeon Crawl Stone Soup version 0.20.1-1-g8b1a95d (webtiles) character file.

44 Ijustatesigmund the Sneak (level 3, 0/25 HPs)
             Began as a Spriggan Enchanter on Sept 8, 2017.
             Succumbed to an adder's poison
             ... on level 2 of the Dungeon.
             The game lasted 00:04:16 (2341 turns).

Ijustatesigmund the Sneak (Spriggan Enchanter)      Turns: 2341, Time: 00:04:17

Health: 0/25       AC: 21    Str:  4    XL:     3   Next: 39%
Magic:  8/8        EV:  4    Int: 16    God:
Gold:   46         SH:  0    Dex: 17    Spells: 3/7 levels left

rFire    . . .     SeeInvis +   a - +1 dagger
rCold    . . .     Gourm    .   (shield restricted)
rNeg     + + +     Faith    .   (armour currently unavailable)
rPois    +         Spirit   .   (helmet currently unavailable)
rElec    .         Reflect  .   (cloak currently unavailable)
rCorr    .         Harm     .   (gloves unavailable)
MR       .....     Clarity  +   (boots unavailable) Stlth +++.......NoTele +
                                (no amulet)
Regen    0.1/turn               j - ring of wizardry
MPRegen  0.2/turn               (no ring)

@: lethally poisoned (0 -> -3), tree-form, invisible
A: unfitting armour, see invisible, clarity, herbivore 3, slow metabolism 2,
evolution 1
a: no special abilities


You were on level 2 of the Dungeon.
You were not hungry.
You were a tree.
You visited 1 branch of the dungeon, and saw 2 of its levels.

You collected 46 gold pieces.

Inventory:

Hand Weapons
 a - a +1 dagger (weapon)
Armour
 b - a +1 robe (melded)
Jewellery
 j - a ring of wizardry (left branch)
Scrolls
 i - a scroll of fog {unknown}
Potions
 h - 2 potions of lignification
Books
 c - a book of Maledictions

   Spells                             Type                      Level
   a - Corona                         Hexes                        1
   b - Ensorcelled Hibernation        Hexes/Ice                    2
   c - Confuse                        Hexes                        3
   d - Tukima's Dance                 Hexes                        3
   e - Dazzling Spray                 Conjuration/Hexes            3
Comestibles
 d - 2 bread rations
 f - 6 fruits
 g - 3 royal jellies


   Skills:
 - Level 0.8 Fighting
 - Level 2.0 Short Blades
 + Level 4.2 Dodging
 + Level 4.8 Stealth
 - Level 2.6 Spellcasting
 - Level 3.6 Hexes


You had 3 spell levels left.
You knew the following spells:

 Your Spells              Type           Power        Failure   Level  Hunger
a - Corona                Hex            ##.....      1%          1    #......
b - Dazzling Spray        Conj/Hex       #.....       12%         3    ###....


Dungeon Overview and Level Annotations

Branches:
Dungeon (2/15)

Altars:


Innate Abilities, Weirdness & Mutations

You are very small and have problems with some larger weapons.
You are too small for most types of armour.
You have supernaturally acute eyesight. (SInv)
You are a herbivore.
((You cover ground extremely quickly.))
You need consume almost no food.
You possess an exceptional clarity of mind.
You evolve.


Message History

You hit the adder.
The adder is moderately wounded.
The adder bites you but does no damage.
You hit the adder.
The adder is heavily wounded.
You feel sick. The adder bites you but does no damage.
You closely miss the adder.
The adder is heavily wounded.
The adder bites you but does no damage.
You miss the adder.
The adder is heavily wounded.
The adder bites you.
* * * LOW HITPOINT WARNING * * *
The adder bites you.
* * * LOW HITPOINT WARNING * * *
You barely miss the adder.
The adder is heavily wounded.
The adder bites you but does no damage.
You fade into invisibility!
You die...

#.####...##....#
#.........######
..........+..###
###............. #.#......#...#
#..........### #.##...#...###
###........# #..+...+...#(..
..!#........#
####...#.#.###.###.###........#
###.#.#...#.lSg.#..........#
#.#.###.###S###.##.......#
#.#.###...#♣#...##.......#
#.#...#.+.#.#.####........# #
#.#...#.......# ###......# #
#.#...#....#### #......#
######.#..........# ##...###
'......#.#........# #...#
#....###.#........# #...#
#....# #.#........# #...#
#....###.#....#####


You could see 2 adders, a leopard gecko and a goblin.

Vanquished Creatures
  An ooze (D:1)
  A worm (D:2)
  A leopard gecko (D:1)
  3 giant cockroaches (D:1)
  5 hobgoblins
  2 kobolds (D:1)
  8 bats
  6 frilled lizards (D:1)
  3 goblins
  9 rats
39 creatures vanquished.

Notes
Turn   | Place    | Note
-------+----------+-------------------------------------------
     0 | D:1      | Ijustatesigmund the Spriggan Enchanter began the quest for the Orb.
     0 | D:1      | Reached XP level 1. HP: 9/9 MP: 5/5
   329 | D:1      | Reached XP level 2. HP: 12/13 MP: 6/6
   774 | D:1      | Gained mutation: You possess an exceptional clarity of mind. [potion of mutation]
   774 | D:1      | Gained mutation: You evolve. [potion of mutation]
  1119 | D:1      | Reached XP level 3. HP: 4/16 MP: 8/8
  1997 | D:2      | Learned a level 3 spell: Dazzling Spray
  2339 | D:2      | HP: 1/25 [adder (3)]
  2341 | D:2      | Succumbed to an adder's poison

Skill      XL: |  1  2 |
---------------+-------+-----
Dodging        | 4 |  4.2
Short Blades   | 2 |  2.0
Fighting       | |  0.8
Stealth        | |  4.8
Spellcasting   | |  2.6
Hexes          | |  3.6

Action                   || total
-------------------------++-------
Melee: Dagger            ||   181
  Use: Scroll            ||     4
       Potion            ||     4
 Stab: Sleeping          ||     6
Armor: Robe              ||    15
       Skin              ||     9
Dodge: Dodged            ||   167
